 Dungeon Crawl Stone Soup version 0.24-a0-618-ge4662a2 (webtiles) character file.

Game seed: 14051992066352631358, levelgen mode: deterministic

287 BoppinsLewinski the Slasher (level 5, -7/44 HPs)
             Began as a Demigod Gladiator on Sept 16, 2019.
             Mangled by an ogre
             ... wielding a +0 giant spiked club
              (16 damage)
             ... on level 4 of the Dungeon.
             The game lasted 00:08:39 (3246 turns).

BoppinsLewinski the Slasher (Demigod Gladiator)     Turns: 3246, Time: 00:08:40

Health: -7/44      AC:  7    Str: 19    XL:     5   Next: 80%
Magic:  8/8        EV: 13    Int: 12    God:
Gold:   149        SH:  0    Dex: 17    Spells: 4/4 levels left

rFire    . . .     SeeInvis .   a - +0 long sword
rCold    . . .     Gourm    .   (no shield)
rNeg     . . .     Faith    .   h - +0 ring mail
rPois    .         Spirit   .   j - +0 helmet
rElec    .         Reflect  .   (no cloak)
rCorr    .         Harm     .   (no gloves)
MR       .....                  l - +0 pair of boots
Stlth    +.........             (no amulet)
HPRegen  0.14/turn              (no ring)
MPRegen  0.11/turn              (no ring)

@: no status effects
A: high mp 1
a: no special abilities


You were on level 4 of the Dungeon.
You were not hungry.

You visited 1 branch of the dungeon, and saw 4 of its levels.

You collected 149 gold pieces.

Inventory:

Hand Weapons
 a - a +0 long sword (weapon)
Missiles
 d - 4 throwing nets (quivered)
Armour
 b - a +0 leather armour
 c - a +0 helmet
 h - a +0 ring mail (worn)
 j - a +0 helmet (worn)
 l - a +0 pair of boots (worn)
Wands
 o - a wand of paralysis (5)
Scrolls
 e - 3 scrolls of teleportation {unknown}
 g - a scroll of immolation {unknown}
 m - 4 scrolls of identify {unknown}
 n - a scroll of magic mapping {unknown}
 p - a scroll of remove curse {unknown}
Potions
 i - a potion of flight
 k - a potion of curing
 r - a potion of might {unknown}
Comestibles
 f - 8 rations


   Skills:
 + Level 2.9 Fighting
 * Level 4.2 Long Blades
 - Level 1.7 Throwing
 + Level 1.9 Armour
 + Level 3.5 Dodging
 + Level 1.6 Evocations


You had 4 spell levels left.
You didn't know any spells.
Your spell library was empty.

Dungeon Overview and Level Annotations

Branches:
Dungeon (4/15)
 Temple: D:4-7


Innate Abilities, Weirdness & Mutations

You have an increased reservoir of magic. (+10% MP)


Message History

Ye be too injured ta fight recklessly!
Ye be too injured ta fight recklessly!
Ye be too injured ta fight recklessly!
Ye be too injured ta fight recklessly!
Ye hit tha ogre.
Tha ogre be heavily wounded.
Tha ogre closely misses ye.
Ye riposte.
Ye barely miss tha ogre.
Tha ogre be heavily wounded.
Ye barely miss tha ogre.
Tha ogre be heavily wounded.
Tha ogre misses ye.
Ye hit tha ogre.
Tha ogre be heavily wounded.
Tha ogre closely misses ye.
Ye closely miss tha ogre.
Tha ogre be heavily wounded.
Ye hit tha ogre.
Tha ogre be severely wounded.
Tha ogre hits ye wit' a +0 giant spiked club!
Ye die...

..##.... #....... #...
#.....# ...# .# #....#
##...# ...######...#
#...# #...........##
##..#
#............#####...#
#...$O@............#
#..................##
##..........#####...##
#..........# ##...##
#..........## ##...#
#..........## ##<..
..........## #...
.........## #.## .....
..#


You could see an ogre.

Vanquished Creatures
  2 orc priests (D:3)
  An orc wizard (D:3)
  3 gnolls (D:3)
  9 adders
  2 worms
  A dart slug (D:2)
  A leopard gecko (D:3)
  6 orcs (D:3)
  A ball python (D:3)
  5 bats
  3 giant cockroaches
  12 goblins
  4 hobgoblins
  11 kobolds
  6 frilled lizards
  7 rats
74 creatures vanquished.

Vanquished Creatures (others)
  An orc wizard (D:3)
1 creature vanquished.

Grand Total: 75 creatures vanquished

Notes
Turn   | Place    | Note
-------+----------+-------------------------------------------
     0 | D:1      | BoppinsLewinski the Demigod Gladiator began the quest for
                  | the Orb.
     0 | D:1      | Reached XP level 1. HP: 17/17 MP: 3/3
   405 | D:1      | Reached XP level 2. HP: 24/24 MP: 4/4
   406 | D:1      | Reached skill level 3 in Long Blades
  1123 | D:2      | Reached XP level 3. HP: 23/29 MP: 5/5
  1125 | D:2      | Reached skill level 1 in Armour
  1227 | D:2      | Reached XP level 4. HP: 37/37 MP: 7/7
  1983 | D:3      | Reached skill level 1 in Evocations
  2015 | D:3      | Reached skill level 4 in Long Blades
  2015 | D:3      | Reached XP level 5. HP: 12/42 MP: 8/8
  3233 | D:4      | Noticed an ogre
  3246 | D:4      | Mangled by an ogre

Levels and vault maps discovered:
D:1:      lemuel_arrival_tunnels, layout_loops_corners
D:2:      cheibrodos_old_hovel, layout_basic, minmay_tall_x
D:3:      layout_basic, first_ration, minmay_misc_feat_plants,
          chequers_serial_rivers_micro_d
D:4:      gammafunk_wand_slinger, layout_layer_cave, chequers_big_river,
          lemuel_altar_in_water, uniq_blork_the_orc, uniq_grinder

Skill      XL: |  1  2  3  4 |
---------------+-------------+-----
Fighting       | 2 |  2.9
Long Blades    | 3 4 |  4.2
Dodging        | 3 |  3.5
Armour         | 1 |  1.9
Evocations     | 1 |  1.6
Throwing       | |  1.7

Action                   |  1- 3 |  4- 6 || total
-------------------------+-------+-------++-------
Melee: Long sword        |    99 |   130 ||   229
  Use: Potion            |     2 |     5 ||     7
  Eat: Chunk             |     1 |     7 ||     8
Armor: Leather armour    |     2 |       ||     2
       Ring mail         |    41 |    47 ||    88
Dodge: Dodged            |    79 |    79 ||   158
       Rpst.: Long sword |    30 |    21 ||    51

Table legend:
 A = Non-vault XP
 B = Vault XP
 C = Vault XP percentage of total XP
 D = Non-vault monster count
 E = Vault monster count
 F = Vault count percentage of total count
                 A         B        C        D         E       F
            +---------+---------+-------+---------+---------+-------
      Total |     379 |      31 |   7.6 |      70 |       5 |   6.7
            +---------+---------+-------+---------+---------+-------
        D:1 |      27 |       0 |   0.0 |      18 |       0 |   0.0
        D:2 |      78 |      31 |  28.4 |      24 |       5 |  17.2
        D:3 |     274 |       0 |   0.0 |      28 |       0 |   0.0
            +---------+---------+-------+---------+---------+-------
